 Dungeon Crawl Stone Soup version 0.17.0-56-gd8de76c (webtiles) character file.

236 JokEr the Ruffian (level 6, -2/49 (51) HPs)
             Began as a Ghoul Monk on Dec 6, 2015.
             Slain by a gnoll
             ... wielding a +0 spear
              (4 damage)
             ... on level 3 of the Dungeon.
             The game lasted 00:09:37 (3944 turns).

JokEr the Ruffian (Ghoul Monk)                      Turns: 3944, Time: 00:09:37

HP:   -2/49 (51)    AC:  2    Str: 17    XL:     6   Next: 6%
MP:   5/5           EV: 12    Int:  5    God:
Gold: 200           SH:  0    Dex: 11    Spells: 0 memorised, 5 levels left

rFire  . . .     SeeInvis .       - Unarmed
rCold  + . .     Clarity  .     a - +0 robe
rNeg   + + +     SustAt   .     (no shield)
rPois  ∞         Gourm    .     (no helmet)
rElec  .         Spirit   .     (no cloak)
rCorr  .         Warding  .     (no gloves)
rMut   .         Stasis   .     (no boots)
MR     .....                    (no amulet)
Stlth  ++........               (no ring)
                                (no ring)

@: rotting, not resistant to hostile enchantments, unstealthy
A: rotting body, claws 1, carnivore 3, cold resistance 1, negative energy
resistance 3, slow regeneration 1, torment resistance, unbreathing
a: no special abilities


You were on level 3 of the Dungeon.
You were not hungry.

You visited 1 branch of the dungeon, and saw 3 of its levels.

You collected 200 gold pieces.

Inventory:

Hand Weapons
 g - a +2 vampiric spear
Armour
 a - a +0 robe (worn)
Jewellery
 c - an uncursed ring of protection from fire {unknown}
 e - an uncursed amulet of stasis {unknown}
 k - a cursed ring of loudness {unknown}
 l - an uncursed ring of wizardry {unknown}
Wands
 m - a wand of teleportation (5)
Scrolls
 d - 3 scrolls of remove curse
Potions
 h - a potion of might {unknown}
 i - a potion of ambrosia {unknown}
 j - a potion of beneficial mutation {unknown}
 n - a potion of curing {unknown}
Comestibles
 b - 3 meat rations
 f - a beef jerky
 o - a royal jelly


   Skills:
 - Level 3.2 Fighting
 - Level 2.6 Dodging
 - Level 2.1 Stealth
 + Level 7.8 Unarmed Combat


You had 5 spell levels left.
You didn't know any spells.

Dungeon Overview and Level Annotations

Branches:
Dungeon (3/15)

Altars:
Ashenzari
The Shining One


Innate Abilities, Weirdness & Mutations

Your body is rotting away.
You thrive on raw meat.
You are immune to poison.
You have sharp fingernails.
You are carnivorous and can eat meat at any time.
Your flesh is cold resistant.
You are immune to negative energy.
You regenerate slowly when monsters are visible.
You are immune to unholy pain and torment.
You can survive without breathing.


Message History

You barely miss the gnoll. Your claw misses the gnoll.
The gnoll is severely wounded.
The gnoll hits you with a flail.
The gnoll hits you from afar with a spear!
* * * LOW HITPOINT WARNING * * *
You scratch the gnoll.
The gnoll is severely wounded.
The gnoll misses you.
You barely miss the gnoll.
The gnoll is severely wounded.
The gnoll closely misses you. The gnoll hits you with a flail!
* * * LOW HITPOINT WARNING * * *
You scratch the gnoll.
The gnoll is almost dead.
The gnoll closely misses you.
You barely miss the gnoll.
The gnoll is almost dead.
The gnoll closely misses you.
The gnoll hits you from afar with a spear.
You die...

#####.......########...# #
#..####........#...# # # #..#
##########...# # # #..# #...# ###
# #..###### #...# #[. # #.......#
#...# ### # ##.###### #...# #
##.# ########...###### # #..#
####.gg@...........#
#####.####....######......#.#####
...........#..## #.##........>.
.##........#...#####.##..##.##.#.
.####.##..####...............#...
.####.##...#...#####.###.....####
###.#.####.#..## #.# #.###.....
....#.#....#..# #<# #.# ######
###.#.#.#####.######.# #.# #(....


You could see 2 gnolls.

Vanquished Creatures
  The ghost of asdu the Cutter, an amateur HaAK of Lugonu (D:3)
  A scorpion (D:3)
  2 adders (D:2)
  6 worms
  4 orcs (D:3)
  A ball python (D:1)
  6 giant cockroaches
  3 goblins
  5 hobgoblins
  11 jackals
  4 quokkas
  9 bats
  A giant gecko (D:2)
  3 giant newts
  7 kobolds
  7 rats
71 creatures vanquished.

Notes
Turn   | Place    | Note
--------------------------------------------------------------
     0 | D:1      | JokEr the Ghoul Monk began the quest for the Orb.
     0 | D:1      | Reached XP level 1. HP: 19/19 MP: 0/0
   217 | D:1      | Reached XP level 2. HP: 23/25 MP: 1/1
   390 | D:1      | Reached skill level 5 in Unarmed Combat
   915 | D:1      | Reached XP level 3. HP: 20/31 MP: 2/2
  1454 | D:2      | Found a shattered altar of Ashenzari.
  1738 | D:2      | Reached skill level 6 in Unarmed Combat
  1738 | D:2      | Reached XP level 4. HP: 14/38 MP: 3/3
  2425 | D:3      | Noticed asdu's ghost (amateur HaAK)
  2637 | D:3      | Killed asdu's ghost
  2637 | D:3      | Reached skill level 7 in Unarmed Combat
  2637 | D:3      | Reached XP level 5. HP: 43/45 MP: 4/4
  2681 | D:3      | Found a glowing golden altar of the Shining One.
  3184 | D:3      | Reached XP level 6. HP: 48/50 MP: 5/5
  3942 | D:3      | HP: 2/49 [gnoll/flail (12)]
  3944 | D:3      | Slain by a gnoll

Action                   |  1- 3 |  4- 6 || total
-------------------------+-------+-------++-------
Melee: Unarmed           |   118 |    99 ||   217
  Use: Scroll            |     2 |     4 ||     6
 Stab: Sleeping          |     6 |     7 ||    13
  Eat: Chunk             |    25 |    16 ||    41
